 Dungeon Crawl Stone Soup version 0.28.0 (webtiles) character file.

Game seed: 11035360910111576807

180 dualclasshuman the Magician (level 5, -4/35 HPs)
             Began as a Djinni Fire Elementalist on Feb 16, 2022.
             Killed by an exploding orc wizard (17 damage)
             ... ignited by their inner flame
             ... on level 3 of the Dungeon.
             The game lasted 00:06:51 (2689 turns).

dualclasshuman the Magician (DjFE)                  Turns: 2689, Time: 00:06:52

Health: -4/35      AC: 10    Str: 16    XL:     5   Next: 91%
Gold:   63         EV: 11    Int: 27    God:
                   SH:  0    Dex: 13

rFire   + . .      SeeInvis .   (no weapon)
rCold   x . .      Faith    .   (no shield)
rNeg    . . .      Spirit   .   b - +4 ring mail "Xaehio" {rF- Str+9 Int+8}
rPois   ∞          Reflect  .   (no helmet)
rElec   .          Harm     .   (no cloak)
rCorr   +          Rampage  .   c - +0 pair of gloves
Will    .....                   (boots unavailable)
Stlth   +.........              (no amulet)
HPRegen 0.11/turn               d - ring of resist corrosion
MPRegen 0.00/turn               (no ring)

@: flying
A: sickness immunity, fire resistance 2, cold vulnerability 1, float, innate
caster, HP casting, extra vitality 1
a: no special abilities


You were on level 3 of the Dungeon.
You visited 1 branch of the dungeon, and saw 3 of its levels.

You collected 63 gold pieces.

Inventory:

Armour
 a - a +0 robe
 b - the +4 ring mail "Xaehio" (worn) {rF- Str+9 Int+8}
   (You found it on level 3 of the Dungeon)

   Str:       It affects your strength (+9).
   Int:       It affects your intelligence (+8).
   rF:        It makes you vulnerable to fire.
 c - a +0 pair of gloves (worn)
Jewellery
 d - a ring of resist corrosion (left hand)
Scrolls
 f - a scroll of magic mapping
Potions
 e - a potion of heal wounds {unknown}


   Skills:
 * Level 2.9 Dodging
 - Level 1.6 Stealth
 * Level 4.5 Spellcasting


You couldn't memorise any spells.
You knew the following spells:

 Your Spells              Type           Power      Damage    Failure   Level
a - Foxfire               Conj/Fire      100%       2x1d9     2%          1
b - Scorch                Fire           60%        2d8       3%          2
c - Conjure Flame         Conj/Fire      30%        6-21      7%          3
d - Inner Flame           Hex/Fire       30%        N/A       7%          3
e - Flame Wave            Conj/Fire      30%        2d8       22%         4
f - Animate Skeleton      Necr           60%        N/A       2%          1
g - Wereblood             Tmut           30%        N/A       3%          2
Your spell library was empty.

Dungeon Overview and Level Annotations

Branches:
Dungeon (3/15)

Altars:


Innate Abilities, Weirdness & Mutations

You are immune to sickness and miasma.
You are immune to poison.
Your flesh is very heat resistant. (rF++)
You are vulnerable to cold. (rC-)
You float through the air rather than walking.
You learn spells naturally, not from books.
Your magical power is your life essence.
You have superior vitality. (+4 MHP)


Message History

The orc is no longer more vulnerable to fire.
The jackal bites you but does no damage.
The jackal closely misses you.
Casting: Inner Flame (dangerous; 7% risk of failure)
Confirm with . or Enter, or press ? or * to list all spells.
You conjure some foxfire!
The jackal barely misses you.
Casting: Foxfire (safe; 2% risk of failure)
Confirm with . or Enter, or press ? or * to list all spells.
Flames lash the orc.
You kill the orc!
The jackal bites you.
Casting: Scorch (safe; 3% risk of failure)
Confirm with . or Enter, or press ? or * to list all spells.
Flames lash the jackal.
You kill the jackal!
Casting: Scorch (safe; 3% risk of failure)
Confirm with . or Enter, or press ? or * to list all spells.
Okay, then.
Casting: Scorch (safe; 3% risk of failure)
Confirm with . or Enter, or press ? or * to list all spells.
The spell is extremely dangerous to miscast (22% risk of failure)!
Continue anyway?
Casting: Flame Wave (extremely dangerous; 22% risk of failure)
Press: ? - help, Dir - look around, f - activate A wave of flame ripples out!
The flame wave engulfs the jackal!
You kill the jackal!
The flame wave engulfs your foxfire.
Your foxfire completely resists. (Press . to intensify the flame waves.)
Your foxfire dissipates!
Casting: Flame Wave (extremely dangerous; 22% risk of failure)
Confirm with . or Enter, or press ? or * to list all spells.
Flames lash the orc.
You kill the orc!
The orc wizard closely misses you.
Casting: Scorch (safe; 3% risk of failure)
Confirm with . or Enter, or press ? or * to list all spells.
Flames lash the orc wizard.
The orc wizard explodes!
The fiery explosion engulfs you! You resist.
You die...

. #.^..... ..
#....§.. ... #...§§.
....## #...§. ....#
#.... #..########
####...#
#)†).§@>.####..)...#
########......##..#
####......######
###....#..........
#...####..........
#.### #..........
#.# #..........
#########.#
#..........
#.....#...#
####..)......


There were no monsters in sight!

Vanquished Creatures
  A water moccasin (D:3)
  An orc wizard (D:3)
  3 adders
  A dart slug (D:3)
  2 orcs (D:3)
  4 bats
  4 endoplasms (D:1)
  A giant cockroach (D:2)
  4 goblins
  9 hobgoblins
  5 jackals (D:3)
  4 ball pythons
  2 frilled lizards
  3 rats
44 creatures vanquished.

Vanquished Creatures (others)
  80 foxfires
80 creatures vanquished.

Grand Total: 124 creatures vanquished

Notes
Turn   | Place    | Note
-------+----------+-------------------------------------------
     0 | D:1      | dualclasshuman the Djinni Fire Elementalist began the quest
                  | for the Orb.
     0 | D:1      | Reached XP level 1. HP: 15/15 MP: 0/0
   195 | D:1      | Reached XP level 2. HP: 17/21 MP: 0/0
   929 | D:1      | Found a faded altar of an unknown god.
   996 | D:1      | Reached skill level 3 in Spellcasting
  1343 | D:2      | Reached XP level 3. HP: 24/25 MP: 0/0
  1343 | D:2      | Learned a level 1 spell: Animate Skeleton
  1940 | D:2      | Reached XP level 4. HP: 28/31 MP: 0/0
  2336 | D:3      | Identified the +4 ring mail "Xaehio" {rF- Str+9 Int+8}
  2499 | D:3      | Noticed a water moccasin
  2502 | D:3      | Killed a water moccasin
  2503 | D:3      | Reached skill level 4 in Spellcasting
  2503 | D:3      | Reached XP level 5. HP: 28/35 MP: 0/0
  2503 | D:3      | Learned a level 2 spell: Wereblood
  2689 | D:3      | Killed by an exploding orc wizard... ignited by their inner
                  | flame

Illustrated notes

Levels and vault maps discovered:
D:1:      minmay_arrival_wavy_path, layout_loops_corners,
          hellmonk_ecumenical_altar_zigzags, st_stairs_9
D:2:      layout_basic, minivault_24
D:3:      layout_rooms

Skill      XL: |  1  2  3  4 |
---------------+-------------+-----
Spellcasting   | 3 4 |  4.5
Dodging        | |  2.9
Stealth        | |  1.6

Action                   |  1- 3 |  4- 6 || total
-------------------------+-------+-------++-------
 Cast: Foxfire           |    36 |    17 ||    53
       Scorch            |    10 |    11 ||    21
       Animate Skeleton  |     3 |     2 ||     5
       Inner Flame       |       |     1 ||     1
       Wereblood         |       |     1 ||     1
       Flame Wave        |       |     1 ||     1
  Use: Scroll            |       |     3 ||     3
Armor: Robe              |     1 |       ||     1
       Ring mail         |       |     2 ||     2
Dodge: Dodged            |     9 |     8 ||    17
